2910 views
Uploaded 2020-03-15 23:56:13
Game version 1.32.2
35:24 long 3on3 ladder game on (6)Monsoon_LV
Saved by BEARAND
2910 views
Uploaded 2020-03-15 23:56:13
Game version 1.32.2
35:24 long 3on3 ladder game on (6)Monsoon_LV


90 units @ 7.8k
/ 0.8k
232 buildings @ 22.6k
/ 11.3k

| Boots of Speed | 1 | 250 |
| Potion of Invisibility | 2 | 200 |
| Staff of Teleportation | 1 | 150 |
| Circlet of Nobility | 1 | 175 |
| total: | 5 | 775g |
| Wisp | 41 | 2460 | / | 0 |
| total: | 41 | 2460g | / | 0w |
| Altar of Elders | 2 | 360 | / | 100 |
| Moon Well | 25 | 4500 | / | 1000 |
| Tree of Life | 3 | 1020 | / | 555 |
| Hunter's Hall | 1 | 210 | / | 100 |
| Ancient of Wonders | 3 | 270 | / | 90 |
| Tree of Ages | 1 | 320 | / | 180 |
| Tree of Eternity | 1 | 330 | / | 200 |
| Great Hall | 4 | 1540 | / | 740 |
| Altar of Storms | 1 | 180 | / | 50 |
| Orc Burrow | 2 | 320 | / | 80 |
| War Mill | 2 | 410 | / | 0 |
| Stronghold | 1 | 315 | / | 190 |
| total: | 43 | 8810g | / | 2715w |
| 0:01 | Wisp |
| 0:07 | Wisp |
| 0:12 | Altar of Elders |
| 0:14 | Moon Well |
| 0:18 | Wisp |
| 0:25 | Altar of Elders |
| 0:28 | Wisp |
| 0:36 | Wisp |
| 0:43 | Wisp |
| 0:54 | Wisp |
| 0:59 | Wisp |
| 1:15 | Wisp |
| 1:34 | Wisp |
| 1:43 | Wisp |
| 2:01 | Moon Well |
| 2:23 | Black Arrow |
| 3:03 | Wisp |
| 3:29 | Wisp |
| 3:29 | Wisp |
| 3:58 | Wisp |
| 3:58 | Wisp |
| 4:45 | Tree of Ages |
| 4:49 | Life Drain |
| 4:56 | Moon Well |
| 5:08 | Moon Well |
| 6:06 | Moon Well |
| 6:19 | Tree of Life |
| 6:35 | Boots of Speed |
| 6:55 | Tree of Life |
| 7:52 | Tree of Eternity |
| 8:49 | Black Arrow |
| 9:08 | Moon Well |
| 9:10 | Hunter's Hall |
| 9:14 | Moon Well |
| 9:41 | Potion of Invisibility |
| 9:57 | Moon Well |
| 10:03 | Moon Well |
| 10:17 | Staff of Teleportation |
| 10:29 | Circlet of Nobility |
| 10:39 | Potion of Invisibility |
| 11:21 | Moon Well |
| 11:26 | Moon Well |
| 11:29 | Moon Well |
| 11:36 | Well Spring |
| 11:45 | Wisp |
| 11:46 | Wisp |
| 11:49 | Wisp |
| 11:59 | Wisp |
| 12:00 | Wisp |
| 12:07 | Ancient of Wonders |
| 12:22 | Ancient of Wonders |
| 12:26 | Moon Well |
| 12:32 | Wisp |
| 12:33 | Wisp |
| 12:36 | Moon Well |
| 12:47 | Nature's Blessing |
| 12:52 | Ancient of Wonders |
| 12:57 | Moon Well |
| 12:58 | Wisp |
| 12:58 | Wisp |
| 13:08 | Wisp |
| 13:08 | Wisp |
| 13:41 | Moon Well |
| 14:23 | Moon Well |
| 14:35 | Life Drain |
| 14:38 | Wisp |
| 14:38 | Wisp |
| 14:40 | Moon Well |
| 14:54 | Wisp |
| 14:54 | Wisp |
| 15:21 | Wisp |
| 15:22 | Wisp |
| 15:23 | Moon Well |
| 15:40 | Moon Well |
| 16:18 | Moon Well |
| 16:19 | Moon Well |
| 16:39 | Wisp |
| 16:39 | Wisp |
| 16:39 | Wisp |
| 16:39 | Wisp |
| 16:40 | Wisp |
| 16:40 | Wisp |
| 18:54 | Moon Well |
| 18:54 | Moon Well |
| 19:53 | Wisp |
| 19:53 | Wisp |
| 20:30 | Black Arrow |
| 22:30 | Moon Well |
| 25:40 | Charm |
| 30:41 | Life Drain |
| 31:24 | Great Hall |
| 31:33 | Great Hall |
| 32:09 | Altar of Storms |
| 33:13 | Orc Burrow |
| 33:53 | Orc Burrow |
| 34:03 | Stronghold |
| 34:11 | War Mill |
| 34:23 | War Mill |
| 34:47 | Great Hall |
| 34:49 | Great Hall |
| 35:08 | Silence |
| 35:17 | Tree of Life |
| Right click | 2265 |
| Assign group | 552 |
| Select group | 526 |
| Select | 426 |
| Build/train/purchase | 191 |
| Resource trade | 110 |
| Chat | 96 |
| Use ability | 44 |
| Misc. action | 43 |
| Minimap ping | 5 |
| Item give/drop | 2 |
| Remove unit | 1 |



| Lesser Clarity Potion | 2 | 140 |
| Staff of Sanctuary | 3 | 750 |
| Potion of Mana | 2 | 400 |
| Staff of Teleportation | 3 | 450 |
| Boots of Speed | 3 | 750 |
| Healing Salve | 1 | 100 |
| Orb of Venom | 2 | 650 |
| total: | 16 | 3240g |
| Peasant | 12 | 900 | / | 0 |
| Priest | 1 | 135 | / | 10 |
| Sorceress | 1 | 155 | / | 20 |
| total: | 14 | 1190g | / | 30w |
| Scout Tower | 101 | 3030 | / | 2020 |
| Arcane Tower | 15 | 1050 | / | 750 |
| Guard Tower | 75 | 5250 | / | 3750 |
| Altar of Kings | 1 | 180 | / | 50 |
| Farm | 6 | 480 | / | 120 |
| Lumber Mill | 1 | 120 | / | 0 |
| Arcane Vault | 4 | 520 | / | 120 |
| Town Hall | 1 | 385 | / | 205 |
| Blacksmith | 1 | 140 | / | 60 |
| Barracks | 1 | 160 | / | 60 |
| Arcane Sanctum | 1 | 150 | / | 140 |
| Gryphon Aviary | 1 | 140 | / | 150 |
| Keep | 2 | 640 | / | 420 |
| Castle | 1 | 360 | / | 210 |
| total: | 118 | 5305g | / | 2925w |
| 0:01 | Peasant |
| 0:02 | Peasant |
| 0:07 | Altar of Kings |
| 0:18 | Farm |
| 0:23 | Peasant |
| 0:23 | Peasant |
| 0:40 | Lumber Mill |
| 1:06 | Peasant |
| 1:06 | Peasant |
| 1:13 | Peasant |
| 1:21 | Peasant |
| 1:27 | Scout Tower |
| 1:29 | Scout Tower |
| 1:33 | Scout Tower |
| 1:35 | Peasant |
| 1:39 | Scout Tower |
| 1:53 | Peasant |
| 1:56 | Arcane Tower |
| 2:00 | Peasant |
| 2:03 | Arcane Tower |
| 2:08 | Blizzard |
| 2:11 | Farm |
| 2:19 | Scout Tower |
| 2:21 | Guard Tower |
| 2:22 | Scout Tower |
| 2:24 | Guard Tower |
| 2:39 | Scout Tower |
| 2:41 | Scout Tower |
| 3:05 | Guard Tower |
| 3:52 | Guard Tower |
| 3:52 | Guard Tower |
| 3:54 | Scout Tower |
| 3:55 | Scout Tower |
| 3:55 | Scout Tower |
| 3:58 | Scout Tower |
| 3:58 | Scout Tower |
| 4:00 | Keep |
| 4:03 | Scout Tower |
| 4:04 | Scout Tower |
| 4:28 | Farm |
| 4:28 | Farm |
| 4:30 | Improved Masonry |
| 4:30 | Advanced Masonry |
| 4:32 | Guard Tower |
| 4:48 | Guard Tower |
| 4:48 | Guard Tower |
| 4:53 | Scout Tower |
| 4:54 | Scout Tower |
| 4:55 | Scout Tower |
| 4:59 | Staff of Teleportation |
| 4:59 | Boots of Speed |
| 5:33 | Guard Tower |
| 5:35 | Scout Tower |
| 5:36 | Scout Tower |
| 5:37 | Scout Tower |
| 5:38 | Scout Tower |
| 5:39 | Brilliance Aura |
| 5:52 | Guard Tower |
| 5:53 | Arcane Tower |
| 5:55 | Guard Tower |
| 5:56 | Scout Tower |
| 5:56 | Scout Tower |
| 6:17 | Guard Tower |
| 6:17 | Guard Tower |
| 6:24 | Arcane Sanctum |
| 6:24 | Imbued Masonry |
| 6:33 | Guard Tower |
| 6:34 | Guard Tower |
| 6:36 | Guard Tower |
| 6:40 | Castle |
| 6:44 | Healing Salve |
| 6:44 | Lesser Clarity Potion |
| 7:09 | Scout Tower |
| 7:11 | Guard Tower |
| 7:12 | Guard Tower |
| 7:14 | Arcane Vault |
| 7:19 | Storm Bolt |
| 7:59 | Guard Tower |
| 8:00 | Scout Tower |
| 8:01 | Scout Tower |
| 8:37 | Staff of Teleportation |
| 8:37 | Boots of Speed |
| 8:41 | Arcane Vault |
| 8:44 | Scout Tower |
| 8:44 | Scout Tower |
| 8:45 | Scout Tower |
| 8:46 | Scout Tower |
| 8:47 | Scout Tower |
| 9:00 | Guard Tower |
| 9:00 | Guard Tower |
| 9:03 | Scout Tower |
| 9:04 | Scout Tower |
| 9:50 | Bash |
| 9:58 | Guard Tower |
| 9:59 | Blizzard |
| 10:01 | Magic Sentry |
| 10:02 | Priest |
| 10:04 | Gryphon Aviary |
| 10:07 | Guard Tower |
| 10:26 | Arcane Vault |
| 11:03 | Holy Light |
| 11:16 | Guard Tower |
| 11:18 | Scout Tower |
| 11:18 | Scout Tower |
| 11:19 | Scout Tower |
| 11:23 | Town Hall |
| 11:29 | Scout Tower |
| 11:30 | Scout Tower |
| 11:30 | Scout Tower |
| 11:39 | Staff of Sanctuary |
| 11:52 | Arcane Vault |
| 11:57 | Scout Tower |
| 12:00 | Scout Tower |
| 12:14 | Arcane Tower |
| 12:45 | Sorceress |
| 12:45 | Sorceress Adept Training |
| 12:48 | Farm |
| 12:49 | Farm |
| 12:53 | Peasant |
| 13:03 | Arcane Tower |
| 13:04 | Guard Tower |
| 13:04 | Guard Tower |
| 13:11 | Arcane Tower |
| 13:13 | Scout Tower |
| 13:30 | Divine Shield |
| 14:21 | Arcane Tower |
| 14:31 | Staff of Teleportation |
| 14:32 | Boots of Speed |
| 15:16 | Storm Bolt |
| 15:19 | Lesser Clarity Potion |
| 15:21 | Potion of Mana |
| 15:22 | Potion of Mana |
| 15:30 | Scout Tower |
| 15:31 | Scout Tower |
| 15:31 | Scout Tower |
| 15:32 | Scout Tower |
| 15:32 | Scout Tower |
| 15:33 | Scout Tower |
| 15:33 | Scout Tower |
| 15:36 | Scout Tower |
| 15:36 | Scout Tower |
| 15:37 | Scout Tower |
| 15:37 | Scout Tower |
| 15:38 | Scout Tower |
| 15:39 | Scout Tower |
| 15:39 | Scout Tower |
| 15:39 | Scout Tower |
| 15:40 | Scout Tower |
| 15:45 | Guard Tower |
| 16:01 | Staff of Sanctuary |
| 16:15 | Scout Tower |
| 16:15 | Scout Tower |
| 16:16 | Scout Tower |
| 16:16 | Scout Tower |
| 16:17 | Scout Tower |
| 16:17 | Scout Tower |
| 16:24 | Orb of Venom |
| 16:33 | Scout Tower |
| 16:49 | Scout Tower |
| 16:49 | Scout Tower |
| 16:50 | Scout Tower |
| 16:55 | Guard Tower |
| 17:03 | Storm Hammers |
| 18:40 | Scout Tower |
| 18:40 | Scout Tower |
| 18:48 | Staff of Sanctuary |
| 18:54 | Guard Tower |
| 18:55 | Guard Tower |
| 18:56 | Guard Tower |
| 20:03 | Guard Tower |
| 20:04 | Scout Tower |
| 20:05 | Scout Tower |
| 20:05 | Scout Tower |
| 20:06 | Scout Tower |
| 20:08 | Blacksmith |
| 20:09 | Barracks |
| 20:24 | Scout Tower |
| 20:25 | Scout Tower |
| 20:25 | Scout Tower |
| 20:26 | Scout Tower |
| 20:31 | Orb of Venom |
| 20:34 | Guard Tower |
| 20:36 | Scout Tower |
| 20:36 | Scout Tower |
| 20:37 | Scout Tower |
| 20:38 | Scout Tower |
| 20:38 | Scout Tower |
| 20:39 | Scout Tower |
| 20:39 | Scout Tower |
| 20:39 | Scout Tower |
| 21:33 | Holy Light |
| 21:45 | Brilliance Aura |
| 22:20 | Bash |
| 22:24 | Guard Tower |
| 22:27 | Scout Tower |
| 22:27 | Scout Tower |
| 22:28 | Scout Tower |
| 22:28 | Scout Tower |
| 22:44 | Guard Tower |
| 22:45 | Guard Tower |
| 22:46 | Scout Tower |
| 22:47 | Scout Tower |
| 22:48 | Scout Tower |
| 22:48 | Scout Tower |
| 22:55 | Guard Tower |
| 23:10 | Guard Tower |
| 25:07 | Divine Shield |
| 25:24 | Guard Tower |
| 25:25 | Guard Tower |
| 25:26 | Scout Tower |
| 25:27 | Scout Tower |
| 25:27 | Scout Tower |
| 25:28 | Scout Tower |
| 25:28 | Scout Tower |
| 25:28 | Scout Tower |
| 26:25 | Brilliance Aura |
| 27:12 | Storm Bolt |
| 28:09 | Holy Light |
| 29:24 | Arcane Tower |
| 29:24 | Arcane Tower |
| 29:31 | Arcane Tower |
| 30:23 | Arcane Tower |
| 30:38 | Mass Teleport |
| 30:39 | Avatar |
| 33:20 | Divine Shield |
| Right click | 3728 |
| Select | 1187 |
| Select group | 584 |
| Chat | 505 |
| Build/train/purchase | 241 |
| Use ability | 141 |
| Misc. action | 24 |
| Assign group | 12 |
| Minimap ping | 10 |
| Item give/drop | 8 |


| Healing Salve | 4 | 400 |
| Lesser Clarity Potion | 3 | 210 |
| Orb of Lightning | 1 | 375 |
| Circlet of Nobility | 2 | 350 |
| Boots of Speed | 2 | 500 |
| Staff of Teleportation | 2 | 300 |
| Staff of Sanctuary | 2 | 500 |
| Orb of Venom | 1 | 325 |
| total: | 17 | 2960g |
| Peon | 17 | 1275 | / | 0 |
| Troll Batrider | 18 | 2880 | / | 720 |
| total: | 35 | 4155g | / | 720w |
| Watch Tower | 61 | 6710 | / | 4880 |
| Altar of Storms | 1 | 180 | / | 50 |
| Orc Burrow | 3 | 480 | / | 120 |
| War Mill | 1 | 205 | / | 0 |
| Voodoo Lounge | 1 | 130 | / | 30 |
| Great Hall | 1 | 385 | / | 185 |
| Beastiary | 3 | 435 | / | 420 |
| Stronghold | 1 | 315 | / | 190 |
| Fortress | 1 | 325 | / | 190 |
| total: | 71 | 8525g | / | 5685w |
| 0:03 | Peon |
| 0:03 | Peon |
| 0:08 | Altar of Storms |
| 0:14 | Orc Burrow |
| 0:18 | Peon |
| 0:38 | War Mill |
| 0:45 | Peon |
| 0:45 | Peon |
| 0:55 | Peon |
| 1:18 | Peon |
| 1:18 | Peon |
| 1:24 | Voodoo Lounge |
| 1:39 | Orc Burrow |
| 1:58 | Peon |
| 1:58 | Peon |
| 2:08 | Watch Tower |
| 2:19 | Peon |
| 2:28 | Watch Tower |
| 2:54 | War Stomp |
| 3:03 | Peon |
| 3:03 | Peon |
| 3:04 | Peon |
| 3:48 | Watch Tower |
| 3:48 | Watch Tower |
| 3:51 | Stronghold |
| 4:19 | Circlet of Nobility |
| 4:19 | Boots of Speed |
| 4:20 | Staff of Teleportation |
| 4:28 | Healing Salve |
| 4:28 | Lesser Clarity Potion |
| 4:33 | Lesser Clarity Potion |
| 4:43 | Spiked Barricades |
| 4:53 | Watch Tower |
| 4:55 | Watch Tower |
| 5:36 | Endurance Aura |
| 6:01 | Watch Tower |
| 6:02 | Watch Tower |
| 6:06 | Lesser Clarity Potion |
| 6:08 | Healing Salve |
| 7:12 | Watch Tower |
| 7:13 | Watch Tower |
| 7:15 | Hex |
| 8:04 | Fortress |
| 8:10 | Beastiary |
| 8:12 | Beastiary |
| 8:18 | Watch Tower |
| 8:18 | Watch Tower |
| 8:39 | Watch Tower |
| 8:39 | Watch Tower |
| 8:40 | Watch Tower |
| 8:56 | Boots of Speed |
| 9:44 | Healing Salve |
| 9:50 | Watch Tower |
| 9:51 | Watch Tower |
| 9:56 | Troll Batrider |
| 10:03 | Orc Burrow |
| 10:06 | Beastiary |
| 10:58 | War Stomp |
| 11:01 | Healing Wave |
| 11:12 | Troll Batrider |
| 11:28 | Great Hall |
| 11:40 | Staff of Sanctuary |
| 11:48 | Watch Tower |
| 12:01 | Troll Batrider |
| 12:31 | Watch Tower |
| 12:31 | Watch Tower |
| 12:52 | Watch Tower |
| 12:55 | Troll Batrider |
| 13:29 | Healing Salve |
| 13:47 | Watch Tower |
| 13:47 | Watch Tower |
| 14:27 | Orb of Lightning |
| 14:53 | Watch Tower |
| 14:54 | Watch Tower |
| 14:55 | Watch Tower |
| 14:57 | Healing Wave |
| 15:16 | Watch Tower |
| 15:24 | Peon |
| 15:25 | Peon |
| 15:25 | Peon |
| 15:30 | Watch Tower |
| 15:31 | Watch Tower |
| 15:37 | Watch Tower |
| 16:06 | Orb of Venom |
| 16:15 | Watch Tower |
| 16:16 | Watch Tower |
| 16:20 | Watch Tower |
| 16:20 | Watch Tower |
| 16:32 | Circlet of Nobility |
| 16:40 | Watch Tower |
| 16:55 | Watch Tower |
| 16:55 | Watch Tower |
| 17:02 | Troll Batrider |
| 18:11 | Watch Tower |
| 18:12 | Watch Tower |
| 18:18 | Watch Tower |
| 18:18 | Watch Tower |
| 18:19 | Watch Tower |
| 18:27 | Staff of Teleportation |
| 18:40 | Watch Tower |
| 18:42 | Watch Tower |
| 18:53 | Staff of Sanctuary |
| 19:27 | Endurance Aura |
| 19:51 | Watch Tower |
| 19:51 | Watch Tower |
| 19:52 | Watch Tower |
| 20:00 | Watch Tower |
| 22:37 | Troll Batrider |
| 23:15 | Troll Batrider |
| 23:16 | Liquid Fire |
| 23:18 | Steel Ranged Weapons |
| 23:18 | Steel Armor |
| 23:18 | Reinforced Defenses |
| 24:32 | Hex |
| 24:48 | War Stomp |
| 25:19 | Watch Tower |
| 25:20 | Watch Tower |
| 25:22 | Watch Tower |
| 25:22 | Watch Tower |
| 27:28 | Healing Wave |
| 27:34 | Troll Batrider |
| 27:34 | Troll Batrider |
| 27:38 | Watch Tower |
| 27:40 | Watch Tower |
| 28:12 | Reincarnation |
| 28:12 | Reincarnation |
| 29:24 | Troll Batrider |
| 30:28 | Watch Tower |
| 30:30 | Watch Tower |
| 30:31 | Watch Tower |
| 30:31 | Watch Tower |
| 30:50 | Troll Batrider |
| 30:51 | Troll Batrider |
| 30:51 | Troll Batrider |
| 30:51 | Troll Batrider |
| 30:51 | Troll Batrider |
| 30:51 | Troll Batrider |
| 30:51 | Troll Batrider |
| 30:52 | Troll Batrider |
| 30:53 | Thorium Ranged Weapons |
| 30:53 | Thorium Armor |
| 31:15 | Big Bad Voodoo |
| 33:30 | Endurance Aura |
| 34:40 | Watch Tower |
| 34:41 | Watch Tower |
| 34:49 | Watch Tower |
| 35:14 | Arcanite Ranged Weapons |
| Right click | 2532 |
| Select group | 1389 |
| Select | 304 |
| Use ability | 169 |
| Build/train/purchase | 138 |
| Chat | 44 |
| Minimap ping | 36 |
| Misc. action | 31 |
| Assign group | 17 |
| Item give/drop | 11 |
| Esc | 1 |
259 units @ 46.2k
/ 8.2k
76 buildings @ 10.6k
/ 5.1k


| Lesser Clarity Potion | 1 | 70 |
| Healing Salve | 3 | 300 |
| Orb of Lightning | 1 | 375 |
| Potion of Healing | 1 | 150 |
| Potion of Mana | 1 | 200 |
| Scroll of Healing | 1 | 250 |
| total: | 8 | 1345g |
| Peon | 26 | 1950 | / | 0 |
| Troll Headhunter | 10 | 1400 | / | 200 |
| Wind Rider | 8 | 2120 | / | 320 |
| Troll Berserker | 10 | 1400 | / | 200 |
| Demolisher | 6 | 1320 | / | 300 |
| Shaman | 18 | 2340 | / | 360 |
| Tauren | 8 | 2240 | / | 640 |
| Troll Batrider | 18 | 2880 | / | 720 |
| Raider | 6 | 1080 | / | 240 |
| Grunt | 1 | 200 | / | 0 |
| Ogre Magi | 1 | 320 | / | 50 |
| Knight | 12 | 2940 | / | 720 |
| Priest | 7 | 945 | / | 70 |
| Gryphon Rider | 6 | 1680 | / | 420 |
| total: | 137 | 22815g | / | 4240w |
| Altar of Storms | 1 | 180 | / | 50 |
| Orc Burrow | 7 | 1120 | / | 280 |
| Barracks | 1 | 180 | / | 50 |
| War Mill | 1 | 205 | / | 0 |
| Voodoo Lounge | 1 | 130 | / | 30 |
| Great Hall | 2 | 770 | / | 370 |
| Spirit Lodge | 1 | 150 | / | 150 |
| Beastiary | 3 | 435 | / | 420 |
| Tauren Totem | 1 | 135 | / | 155 |
| Stronghold | 1 | 315 | / | 190 |
| Fortress | 1 | 325 | / | 190 |
| Farm | 2 | 160 | / | 40 |
| Gryphon Aviary | 3 | 420 | / | 450 |
| total: | 23 | 3885g | / | 1995w |
| 0:03 | Peon |
| 0:03 | Peon |
| 0:06 | Altar of Storms |
| 0:11 | Peon |
| 0:23 | Orc Burrow |
| 0:28 | Peon |
| 0:37 | Peon |
| 1:05 | Peon |
| 1:09 | Peon |
| 1:28 | Peon |
| 1:33 | Barracks |
| 1:38 | War Mill |
| 1:52 | Orc Burrow |
| 2:13 | Shockwave |
| 2:18 | Peon |
| 2:18 | Peon |
| 2:24 | Voodoo Lounge |
| 2:50 | Troll Headhunter |
| 2:54 | Stronghold |
| 3:04 | Troll Headhunter |
| 3:04 | Troll Headhunter |
| 3:18 | Troll Headhunter |
| 3:32 | Lesser Clarity Potion |
| 3:35 | Healing Salve |
| 3:54 | Troll Headhunter |
| 4:54 | Troll Headhunter |
| 4:58 | Troll Headhunter |
| 5:02 | Orc Burrow |
| 5:31 | Spirit Lodge |
| 5:35 | Beastiary |
| 6:07 | Fortress |
| 6:16 | Wind Walk |
| 6:30 | Troll Headhunter |
| 6:34 | Orc Burrow |
| 6:37 | Endurance Aura |
| 6:50 | Shaman Adept Training |
| 7:14 | Troll Headhunter |
| 7:15 | Steel Ranged Weapons |
| 7:19 | Wind Rider |
| 7:19 | Wind Rider |
| 7:37 | Thorium Ranged Weapons |
| 7:55 | Orc Burrow |
| 8:15 | Troll Headhunter |
| 8:25 | Wind Rider |
| 8:37 | Critical Strike |
| 8:50 | Shaman Master Training |
| 8:52 | Envenomed Spears |
| 8:54 | Berserker Upgrade |
| 9:42 | Wind Rider |
| 9:44 | Troll Berserker |
| 9:48 | Endurance Aura |
| 10:03 | Great Hall |
| 10:31 | Demolisher |
| 11:17 | Wind Rider |
| 11:28 | Critical Strike |
| 11:39 | Wind Rider |
| 11:41 | Demolisher |
| 11:49 | Shaman |
| 12:35 | Demolisher |
| 12:36 | Burning Oil |
| 12:49 | Arcanite Ranged Weapons |
| 13:03 | Steel Armor |
| 13:25 | Scroll of Healing |
| 13:41 | Demolisher |
| 14:56 | Great Hall |
| 15:14 | Tauren Totem |
| 15:19 | Shaman |
| 15:25 | Healing Salve |
| 15:59 | Peon |
| 15:59 | Peon |
| 15:59 | Peon |
| 16:17 | Troll Berserker |
| 16:45 | Wind Rider |
| 16:52 | Shockwave |
| 17:23 | Shaman |
| 17:24 | Shaman |
| 17:27 | Tauren |
| 17:31 | Peon |
| 17:31 | Peon |
| 18:06 | Demolisher |
| 18:38 | Wind Rider |
| 18:47 | Pulverize |
| 18:48 | Tauren |
| 18:50 | Shaman |
| 18:50 | Shaman |
| 18:54 | Troll Regeneration |
| 19:39 | Shaman |
| 19:42 | Demolisher |
| 19:45 | Liquid Fire |
| 19:55 | Shaman |
| 20:16 | Troll Berserker |
| 20:18 | Troll Batrider |
| 20:18 | Troll Batrider |
| 20:21 | Shaman |
| 20:31 | Ogre Magi |
| 20:49 | Steel Melee Weapons |
| 20:51 | Tauren |
| 20:54 | Shaman |
| 20:55 | Troll Batrider |
| 21:00 | Orc Burrow |
| 21:13 | Peon |
| 21:13 | Peon |
| 21:16 | Healing Salve |
| 21:24 | Orb of Lightning |
| 21:33 | Troll Batrider |
| 21:38 | Troll Berserker |
| 21:50 | Shaman |
| 21:53 | Tauren |
| 21:53 | Tauren |
| 22:18 | Wind Walk |
| 22:31 | Shaman |
| 22:33 | Troll Batrider |
| 22:33 | Troll Batrider |
| 22:53 | Troll Berserker |
| 23:07 | Peon |
| 23:21 | Thorium Armor |
| 23:30 | Orc Burrow |
| 23:40 | Endurance Aura |
| 24:38 | Troll Batrider |
| 24:38 | Troll Batrider |
| 25:01 | Troll Berserker |
| 25:01 | Troll Berserker |
| 25:19 | Troll Batrider |
| 25:19 | Troll Batrider |
| 25:21 | Tauren |
| 25:56 | Shaman |
| 26:09 | Shaman |
| 26:27 | Knight |
| 26:27 | Knight |
| 26:31 | Priest |
| 26:31 | Priest |
| 26:34 | Raider |
| 26:34 | Raider |
| 26:39 | Troll Berserker |
| 27:13 | Critical Strike |
| 27:17 | Troll Berserker |
| 27:17 | Troll Berserker |
| 27:40 | Tauren |
| 27:59 | Troll Batrider |
| 27:59 | Troll Batrider |
| 28:12 | Knight |
| 28:15 | Knight |
| 28:20 | Gryphon Aviary |
| 28:20 | Gryphon Aviary |
| 28:23 | Farm |
| 28:23 | Farm |
| 28:26 | Gryphon Aviary |
| 28:29 | Priest |
| 28:29 | Priest |
| 28:41 | Troll Batrider |
| 28:41 | Troll Batrider |
| 30:16 | Shaman |
| 30:22 | Peon |
| 30:22 | Peon |
| 30:27 | Knight |
| 30:27 | Knight |
| 30:29 | Priest |
| 30:29 | Priest |
| 30:34 | Gryphon Rider |
| 30:34 | Storm Hammers |
| 30:38 | Gryphon Rider |
| 30:41 | Animal War Training |
| 30:44 | Knight |
| 30:48 | Priest |
| 30:50 | Iron Plating |
| 31:14 | Spiked Barricades |
| 31:26 | Shaman |
| 31:27 | Troll Batrider |
| 31:42 | Peon |
| 31:42 | Peon |
| 31:55 | Potion of Healing |
| 31:56 | Potion of Mana |
| 32:03 | Peon |
| 32:40 | Gryphon Rider |
| 32:43 | Knight |
| 32:46 | Gryphon Rider |
| 32:55 | Iron Forged Swords |
| 33:27 | Knight |
| 33:27 | Knight |
| 33:34 | Raider |
| 33:34 | Raider |
| 33:36 | Pillage |
| 33:37 | Grunt |
| 33:39 | Raider |
| 33:39 | Raider |
| 33:41 | Tauren |
| 33:48 | Shaman |
| 33:48 | Shaman |
| 33:50 | Troll Batrider |
| 33:50 | Troll Batrider |
| 33:50 | Troll Batrider |
| 34:11 | Beastiary |
| 34:15 | Beastiary |
| 34:20 | Peon |
| 34:20 | Peon |
| 34:24 | Peon |
| 34:43 | Gryphon Rider |
| 34:43 | Gryphon Rider |
| 34:49 | Knight |
| 34:49 | Knight |
| Right click | 1098 |
| Select | 531 |
| Select group | 291 |
| Build/train/purchase | 278 |
| Misc. action | 76 |
| Chat | 58 |
| Assign group | 51 |
| Use ability | 48 |
| Minimap ping | 35 |
| Remove unit | 12 |
| Item give/drop | 1 |

| Peon | 17 | 1275 | / | 0 |
| Grunt | 13 | 2600 | / | 0 |
| Tauren | 15 | 4200 | / | 1200 |
| Wind Rider | 28 | 7420 | / | 1120 |
| Siege Engine | 8 | 1560 | / | 480 |
| Priest | 2 | 270 | / | 20 |
| total: | 83 | 17325g | / | 2820w |
| Watch Tower | 14 | 1540 | / | 1120 |
| Altar of Storms | 1 | 180 | / | 50 |
| Orc Burrow | 7 | 1120 | / | 280 |
| Barracks | 1 | 180 | / | 50 |
| War Mill | 1 | 205 | / | 0 |
| Great Hall | 1 | 385 | / | 185 |
| Tauren Totem | 1 | 135 | / | 155 |
| Beastiary | 2 | 290 | / | 280 |
| Stronghold | 1 | 315 | / | 190 |
| Fortress | 1 | 325 | / | 190 |
| total: | 28 | 4035g | / | 2120w |
| 0:03 | Peon |
| 0:03 | Peon |
| 0:04 | Peon |
| 0:04 | Peon |
| 0:04 | Peon |
| 0:05 | Peon |
| 0:21 | Altar of Storms |
| 0:37 | Orc Burrow |
| 0:53 | Barracks |
| 1:37 | Orc Burrow |
| 1:57 | Grunt |
| 2:27 | War Mill |
| 2:37 | Orc Burrow |
| 2:48 | Endurance Aura |
| 2:50 | Grunt |
| 3:03 | Peon |
| 3:35 | Grunt |
| 3:41 | Orc Burrow |
| 4:05 | Stronghold |
| 4:08 | Grunt |
| 4:44 | Grunt |
| 4:48 | Steel Armor |
| 5:11 | Grunt |
| 5:22 | Grunt |
| 6:28 | Berserker Strength |
| 6:29 | Grunt |
| 6:31 | Steel Melee Weapons |
| 6:33 | Fortress |
| 7:09 | Shockwave |
| 7:12 | Grunt |
| 7:49 | Grunt |
| 7:53 | Tauren Totem |
| 8:13 | Grunt |
| 8:16 | Orc Burrow |
| 8:49 | Thorium Melee Weapons |
| 9:06 | Pulverize |
| 9:11 | Orc Burrow |
| 9:14 | Tauren |
| 9:51 | Tauren |
| 10:35 | Tauren |
| 10:43 | Orc Burrow |
| 10:55 | Endurance Aura |
| 11:37 | Great Hall |
| 12:05 | Tauren |
| 12:45 | Tauren |
| 14:35 | Tauren |
| 14:35 | Tauren |
| 14:36 | Tauren |
| 14:48 | Shockwave |
| 15:24 | Peon |
| 15:25 | Peon |
| 15:25 | Peon |
| 15:25 | Peon |
| 15:25 | Peon |
| 16:06 | Tauren |
| 16:08 | Grunt |
| 16:09 | Grunt |
| 17:11 | Tauren |
| 17:14 | Arcanite Melee Weapons |
| 18:17 | Tauren |
| 18:17 | Tauren |
| 19:06 | Tauren |
| 19:17 | Beastiary |
| 19:50 | Peon |
| 19:51 | Peon |
| 19:51 | Peon |
| 19:51 | Peon |
| 19:52 | Peon |
| 20:16 | Tauren |
| 20:23 | Wind Rider |
| 20:24 | Wind Rider |
| 20:25 | Wind Rider |
| 20:26 | Wind Rider |
| 20:26 | Wind Rider |
| 21:20 | Tauren |
| 21:48 | Envenomed Spears |
| 21:49 | Wind Rider |
| 21:49 | Wind Rider |
| 22:34 | Wind Rider |
| 22:41 | Beastiary |
| 23:28 | Siege Engine |
| 23:29 | Siege Engine |
| 23:29 | Siege Engine |
| 23:29 | Siege Engine |
| 23:29 | Siege Engine |
| 24:21 | Wind Rider |
| 24:21 | Wind Rider |
| 24:23 | Wind Rider |
| 24:23 | Wind Rider |
| 24:23 | Wind Rider |
| 24:33 | Siege Engine |
| 24:33 | Siege Engine |
| 25:42 | Wind Rider |
| 25:42 | Wind Rider |
| 25:46 | Wind Rider |
| 26:14 | Wind Rider |
| 26:15 | Wind Rider |
| 27:11 | Barrage |
| 27:12 | Siege Engine |
| 27:17 | Priest |
| 27:18 | Priest |
| 27:26 | Wind Rider |
| 27:26 | Wind Rider |
| 27:29 | Wind Rider |
| 27:29 | Wind Rider |
| 28:51 | Wind Rider |
| 28:51 | Wind Rider |
| 28:52 | Wind Rider |
| 28:53 | Wind Rider |
| 28:54 | Wind Rider |
| 28:54 | Wind Rider |
| 30:02 | Watch Tower |
| 30:05 | Watch Tower |
| 30:08 | Watch Tower |
| 30:11 | Watch Tower |
| 30:14 | Watch Tower |
| 30:17 | Watch Tower |
| 30:21 | Watch Tower |
| 30:26 | Watch Tower |
| 30:30 | Watch Tower |
| 30:35 | Watch Tower |
| 30:42 | Watch Tower |
| 30:46 | Watch Tower |
| 30:53 | Watch Tower |
| 31:00 | Watch Tower |
| Right click | 565 |
| Select | 248 |
| Build/train/purchase | 100 |
| Use ability | 11 |
| Minimap ping | 5 |


| Lesser Clarity Potion | 1 | 70 |
| Healing Salve | 1 | 100 |
| Scroll of Speed | 1 | 50 |
| total: | 3 | 220g |
| Peasant | 11 | 825 | / | 0 |
| Rifleman | 12 | 2460 | / | 360 |
| Priest | 5 | 675 | / | 50 |
| Mortar Team | 3 | 540 | / | 210 |
| Siege Engine | 8 | 1560 | / | 480 |
| total: | 39 | 6060g | / | 1100w |
| Altar of Kings | 1 | 180 | / | 50 |
| Farm | 18 | 1440 | / | 360 |
| Blacksmith | 1 | 140 | / | 60 |
| Barracks | 1 | 160 | / | 60 |
| Lumber Mill | 1 | 120 | / | 0 |
| Town Hall | 1 | 385 | / | 205 |
| Arcane Sanctum | 1 | 150 | / | 140 |
| Workshop | 1 | 140 | / | 140 |
| Keep | 1 | 320 | / | 210 |
| Castle | 1 | 360 | / | 210 |
| total: | 25 | 2715g | / | 1015w |
| 0:29 | Peasant |
| 0:29 | Peasant |
| 0:32 | Altar of Kings |
| 0:36 | Farm |
| 0:49 | Peasant |
| 0:57 | Peasant |
| 0:58 | Peasant |
| 1:25 | Blacksmith |
| 1:40 | Farm |
| 1:41 | Peasant |
| 1:41 | Peasant |
| 1:41 | Peasant |
| 2:05 | Barracks |
| 2:15 | Peasant |
| 2:27 | Farm |
| 2:40 | Devotion Aura |
| 2:55 | Lumber Mill |
| 3:26 | Rifleman |
| 3:26 | Rifleman |
| 4:01 | Rifleman |
| 4:03 | Keep |
| 4:17 | Healing Salve |
| 4:17 | Scroll of Speed |
| 4:18 | Lesser Clarity Potion |
| 4:48 | Farm |
| 4:50 | Farm |
| 6:30 | Long Rifles |
| 6:31 | Rifleman |
| 6:33 | Black Gunpowder |
| 6:36 | Arcane Sanctum |
| 6:40 | Improved Lumber Harvesting |
| 6:44 | Rifleman |
| 6:44 | Rifleman |
| 7:36 | Refined Gunpowder |
| 7:37 | Studded Leather Armor |
| 7:42 | Farm |
| 7:43 | Farm |
| 7:46 | Farm |
| 7:47 | Farm |
| 7:50 | Farm |
| 7:50 | Farm |
| 7:54 | Farm |
| 7:55 | Farm |
| 7:59 | Holy Light |
| 8:06 | Summon Water Elemental |
| 8:19 | Priest Adept Training |
| 8:20 | Priest |
| 8:22 | Priest |
| 8:25 | Farm |
| 9:26 | Rifleman |
| 9:27 | Rifleman |
| 9:28 | Priest |
| 9:28 | Priest |
| 9:32 | Farm |
| 10:42 | Workshop |
| 11:01 | Brilliance Aura |
| 11:26 | Castle |
| 11:29 | Rifleman |
| 11:53 | Farm |
| 12:36 | Mortar Team |
| 12:41 | Farm |
| 13:08 | Town Hall |
| 13:49 | Fragmentation Shards |
| 13:49 | Mortar Team |
| 13:55 | Farm |
| 15:20 | Mortar Team |
| 15:23 | Siege Engine |
| 15:24 | Siege Engine |
| 15:24 | Siege Engine |
| 15:33 | Devotion Aura |
| 16:15 | Siege Engine |
| 16:15 | Siege Engine |
| 16:15 | Siege Engine |
| 16:15 | Siege Engine |
| 16:40 | Peasant |
| 16:40 | Peasant |
| 16:53 | Rifleman |
| 18:46 | Siege Engine |
| 18:48 | Priest Master Training |
| 18:49 | Priest |
| 18:51 | Rifleman |
| 18:51 | Rifleman |
| Right click | 537 |
| Select | 294 |
| Misc. action | 98 |
| Build/train/purchase | 68 |
| Use ability | 13 |
| Minimap ping | 11 |
| Esc | 4 |
| Assign group | 3 |
| Remove unit | 2 |
| Select group | 1 |
⇛